Map: Pillars of Gold LE

Players

Astrea - Winner!

  • Race: Protoss Protoss
  • League: Master
  • Spawn Location: 7:00

Stats

  • Race: Protoss Protoss
  • Spawn Location: 1:00

Event: DreamHack SC2 Masters 2020 Winter

VOD

Have the link to the VOD?

Description

Time

  • Played on: Nov. 14, 2020, 11:30 a.m.
  • Length: 19:46

All games in this series

Show
View Real Time Build Order
Export as new Build Order

Astrea Protoss - Winner!

Build Orders: Blink Stalkers 

Get SALT Encoding   

  12  0:00  Probe  
  13  0:12  Probe  
  14  0:18  Pylon  
  14  0:24  Probe  
  15  0:37  Probe (Chrono Boost)  
  15  0:39  Gateway  
  16  0:46  Probe (Chrono Boost)  
  16  0:49  Assimilator  
  17  0:51  Probe (Chrono Boost)  
  18  1:03  Probe  
  19  1:12  Assimilator  
  19  1:15  Probe  
  20  1:20  Pylon  
  20  1:26  Cybernetics Core  
  20  1:27  Probe  
  20  1:32  Zealot  
  23  1:39  Probe  
  24  1:47  Pylon  
  24  1:51  Probe  
  25  2:00  Stalker (Chrono Boost)  
  25  2:03  Warp Gate  
  27  2:09  Cybernetics Core  
  27  2:13  Probe  
  28  2:22  Pylon  
  30  2:31  Probe  
  29  2:37  Sentry  
  29  2:43  Probe  
  31  2:52  Nexus  
  31  3:00  Twilight Council  
  31  3:02  Probe  
  32  3:11  Sentry  
  34  3:14  Probe  
  34  3:19  Gateway  
  35  3:31  Probe  
  35  3:32  Shield Battery  
  36  3:36  Blink (Chrono Boost)  
  36  3:44  Probe  
  37  3:51  Stalker  
  39  3:57  Pylon  
  39  4:04  Probe x2 (Chrono Boost)  
  41  4:14  Probe x2 (Chrono Boost)  
  43  4:19  Probe (Chrono Boost)  
  43  4:20  Probe (Chrono Boost)  
  43  4:21  Sentry  
  47  4:24  Stalker  
  47  4:31  Probe (Chrono Boost)  
  51  4:35  Probe (Chrono Boost)  
  51  4:37  Probe (Chrono Boost)  
  52  4:42  Probe  
  52  4:45  Probe  
  53  4:48  Forge  
  53  4:49  Gateway  
  53  4:51  Pylon  
  54  4:54  Probe  
  54  4:58  Probe  
  56  5:01  Assimilator  
  56  5:02  Robotics Facility  
  57  5:07  Probe  
  57  5:11  Stalker x2, Protoss Ground Weapons Level 1 (Chrono Boost)  
  61  5:32  Nexus  
  61  5:36  Probe x2  
  61  5:40  Stalker x2  
  67  5:47  Charge  
  67  5:48  Probe  
  67  5:49  Probe  
  69  5:52  Pylon  
  69  5:54  Observer  
  70  6:01  Pylon  
  70  6:04  Dark Shrine  
  70  6:10  Probe x2  
  72  6:11  Shield Battery  
  72  6:18  Observer  
  73  6:22  Probe x2  
  73  6:23  Stalker x3  
  81  6:34  Gateway, Probe  
  81  6:36  Gateway  
  81  6:37  Probe  
  83  6:46  Probe  
  84  6:47  Gateway  
  84  6:49  Probe x2  
  84  6:50  Protoss Ground Weapons Level 2 (Chrono Boost)  
  86  6:58  Probe  
  86  7:00  Photon Cannon  
  86  7:01  Probe  
  88  7:02  Photon Cannon  
  88  7:14  Zealot x3  
  94  7:17  Gateway  
  94  7:19  Gateway  
  94  7:22  Photon Cannon  
  94  7:26  Shield Battery  
  94  7:31  Photon Cannon  
  94  7:33  Dark Templar x2  
  94  7:36  Assimilator  
  94  7:37  Probe x3  
  100  7:38  Assimilator  
  100  7:41  Shield Battery  
  101  7:47  Robotics Bay  
  101  8:03  Assimilator  
  101  8:05  Pylon  
  101  8:07  Pylon, Observer  
  101  8:14  Probe x2  
  101  8:19  Pylon  
  101  8:20  Pylon, Probe  
  101  8:22  Pylon  
  101  8:24  Dark Templar x4  
  108  8:29  Stalker x2  
  108  8:30  Zealot  
  114  8:36  Stalker  
  114  8:37  Photon Cannon  
  114  8:38  Photon Cannon  
  116  8:44  Pylon  
  116  8:46  Shield Battery  
  116  8:47  Shield Battery  
  115  8:55  Stalker x3  
  119  8:57  Disruptor  
  124  9:08  Zealot  
  124  9:09  Zealot x4  
  130  9:25  Stalker x3  
  134  9:32  Zealot  
  134  9:33  Zealot x3  
  134  9:36  Disruptor  
  120  9:46  Stalker  
  120  9:48  Zealot x3  
  116  9:57  Stalker x4  
  99  10:18  Stalker x2  
  99  10:19  Stalker x2  
  99  10:21  Stalker x2  
  90  10:44  Stalker x6  
  79  11:08  Stalker x2  
  79  11:09  Stalker x4, Observer  
  83  11:31  Nexus  
  83  11:36  Pylon, Protoss Ground Armor Level 1 (Chrono Boost)  
  83  11:42  Robotics Facility  
  83  11:44  Probe  
  83  11:45  Probe  
  85  11:54  Observer  
  85  11:57  Dark Templar, Probe x2  
  85  11:59  Dark Templar  
  91  12:07  Observer  
  91  12:09  Probe x2  
  93  12:21  Probe x2  
  95  12:24  Shadow Stride  
  95  12:28  Disruptor (Chrono Boost)  
  95  12:33  Probe x2  
  100  12:44  Pylon  
  100  12:45  Probe x2  
  101  12:53  Probe  
  101  12:55  Photon Cannon, Observer (Chrono Boost)  
  101  12:56  Robotics Facility  
  101  12:57  Assimilator, Probe x2  
  105  13:03  Stalker x5  
  115  13:05  Stalker  
  115  13:16  Disruptor (Chrono Boost)  
  117  13:30  Pylon  
  115  13:45  Disruptor (Chrono Boost)  
  121  13:53  Disruptor (Chrono Boost)  
  121  13:56  Nexus  
  121  13:57  Gravitic Boosters  
  121  14:10  Disruptor (Chrono Boost)  
  121  14:11  Pylon  
  121  14:12  Pylon  
  121  14:14  Stalker x6  
  121  14:16  Observer  
  135  14:20  Pylon  
  136  14:30  Protoss Shields Level 1 (Chrono Boost)  
  136  14:31  Twilight Council  
  134  14:36  Disruptor  
  137  14:45  Gateway  
  137  14:46  Gateway  
  137  14:49  Photon Cannon  
  137  14:50  Observer  
  137  14:51  Shield Battery  
  138  14:54  Pylon  
  138  15:01  Pylon  
  138  15:03  Dark Templar x3  
  138  15:05  Probe  
  138  15:06  Probe x2  
  147  15:11  Photon Cannon  
  147  15:18  Probe  
  148  15:24  Probe x3  
  148  15:31  Disruptor  
  148  15:33  Observer  
  151  15:36  Stalker x3  
  151  15:37  Observer  
  157  15:52  Disruptor  
  159  16:03  Stalker x5  
  169  16:06  Disruptor (Chrono Boost)  
  169  16:09  Assimilator  
  169  16:10  Photon Cannon  
  171  16:11  Photon Cannon  
  171  16:16  Observer  
  171  16:18  Assimilator  
  171  16:25  Pylon  
  171  16:29  Pylon  
  171  16:39  Observer (Chrono Boost)  
  172  16:42  Robotics Facility, Observer (Chrono Boost)  
  168  16:47  Zealot x3  
  168  16:48  Dark Templar x2, Zealot x2  
  168  16:52  Observer  
  180  17:00  Pylon  
  180  17:04  Photon Cannon  
  180  17:07  Photon Cannon  
  180  17:15  Disruptor x2  
  185  17:24  Shield Battery x2  
  185  17:26  Photon Cannon  
  185  17:30  Photon Cannon  
  183  17:43  Observer  
  173  17:48  Stalker x2  
  173  17:49  Stalker x6  
  185  18:08  Nexus  
  179  18:21  Observer x2  
  181  18:41  Observer  
  142  18:49  Stalker x8  
  142  18:50  Warp Prism x2  
  142  18:55  Pylon  
Show
View Real Time Build Order
Export as new Build Order

Stats Protoss 

Build Orders: Blink Stalkers 

Get SALT Encoding   

  12  0:00  Probe  
  13  0:12  Probe  
  14  0:18  Pylon  
  14  0:24  Probe (Chrono Boost)  
  15  0:36  Probe (Chrono Boost)  
  15  0:39  Gateway  
  16  0:45  Probe (Chrono Boost)  
  16  0:48  Assimilator  
  17  0:51  Probe  
  18  1:03  Probe (Chrono Boost)  
  19  1:11  Pylon  
  19  1:15  Assimilator, Probe (Chrono Boost)  
  20  1:23  Probe (Chrono Boost)  
  21  1:27  Cybernetics Core  
  21  1:31  Zealot  
  23  1:34  Probe  
  24  1:46  Probe  
  25  1:49  Pylon  
  25  1:58  Probe  
  26  2:02  Stalker (Chrono Boost)  
  26  2:05  Warp Gate  
  28  2:10  Probe  
  29  2:17  Cybernetics Core  
  30  2:26  Stalker  
  30  2:27  Pylon  
  31  2:45  Probe  
  32  2:54  Nexus  
  32  2:57  Probe, Sentry  
  35  3:07  Pylon  
  35  3:09  Probe  
  35  3:15  Twilight Council  
  35  3:21  Probe  
  36  3:33  Probe (Chrono Boost)  
  37  3:34  Gateway  
  37  3:36  Zealot x2  
  37  3:44  Probe (Chrono Boost)  
  38  3:49  Probe (Chrono Boost)  
  38  3:52  Blink  
  39  4:02  Probe (Chrono Boost), Sentry  
  42  4:06  Probe (Chrono Boost)  
  43  4:15  Phoenix, Probe (Chrono Boost)  
  43  4:17  Probe (Chrono Boost)  
  45  4:23  Probe (Chrono Boost)  
  47  4:26  Probe (Chrono Boost), Sentry  
  47  4:28  Probe (Chrono Boost)  
  50  4:33  Nexus, Probe  
  50  4:36  Pylon  
  50  4:38  Probe  
  52  4:45  Assimilator, Probe  
  53  4:47  Phoenix  
  53  4:50  Gateway  
  53  4:52  Gateway  
  53  4:58  Robotics Facility  
  53  5:01  Probe  
  53  5:02  Probe  
  55  5:08  Forge  
  55  5:13  Probe  
  56  5:14  Probe  
  56  5:19  Shield Battery  
  57  5:25  Stalker x2  
  61  5:30  Probe x2  
  61  5:34  Protoss Ground Weapons Level 1 (Chrono Boost)  
  63  5:37  Pylon  
  63  5:43  Probe x2 (Chrono Boost)  
  63  5:45  Observer  
  63  5:48  Probe (Chrono Boost)  
  67  5:52  Shield Battery  
  67  5:55  Probe x2 (Chrono Boost)  
  70  5:59  Probe (Chrono Boost)  
  70  6:01  Phoenix, Probe x2 (Chrono Boost)  
  70  6:02  Charge  
  70  6:03  Probe (Chrono Boost)  
  72  6:08  Observer  
  72  6:09  Probe x2  
  72  6:11  Gateway  
  76  6:13  Gateway  
  76  6:15  Gateway  
  76  6:17  Gateway, Pylon  
  76  6:20  Probe  
  76  6:21  Probe x2  
  76  6:24  Pylon  
  79  6:32  Immortal (Chrono Boost)  
  83  6:37  Probe x3  
  83  6:39  Pylon  
  86  6:44  Assimilator  
  86  6:45  Assimilator  
  86  6:49  Phoenix  
  86  6:50  Stalker x4  
  94  6:58  Pylon  
  94  7:05  Photon Cannon, Immortal (Chrono Boost)  
  94  7:09  Photon Cannon  
  94  7:10  Photon Cannon  
  98  7:17  Stalker x3  
  98  7:20  Stalker  
  106  7:27  Assimilator, Probe x3  
  106  7:29  Protoss Ground Weapons Level 2 (Chrono Boost)  
  109  7:30  Pylon  
  109  7:36  Zealot x4  
  117  7:48  Templar Archives  
  117  7:50  Pylon  
  117  7:51  Pylon  
  117  7:52  Warp Prism (Chrono Boost)  
  119  8:11  Zealot x2  
  119  8:12  Zealot x5  
  133  8:15  Zealot  
  133  8:16  Pylon  
  135  8:27  Nexus  
  135  8:30  Pylon  
  135  8:37  High Templar x6  
  135  8:40  Pylon  
  147  8:42  Archon  
  147  8:43  High Templar x2, Archon x2  
  147  8:47  Archon  
  151  8:58  Pylon  
  151  9:00  Pylon  
  143  9:12  Zealot x6  
  105  9:40  Zealot x7  
  105  9:41  Zealot  
  105  9:42  Observer  
  73  10:01  Zealot x4  
  73  10:02  Zealot x4  
  84  10:22  High Templar x4  
  84  10:23  High Templar x2  
  84  10:24  Zealot x2  
  84  10:27  Archon x2  
  92  10:32  Archon  
  86  10:45  Stalker x2  
  90  10:52  Observer x2  
  88  10:57  Stalker x3  
  88  10:58  Stalker  
  88  11:01  Stalker x6  
  62  11:18  Nexus  
  62  11:27  Sentry x2  
  62  11:31  Stalker x2  
  70  11:33  Pylon  
  70  11:37  Stalker  
  72  11:41  Sentry  
  72  11:42  Sentry  
  76  11:53  Probe x2 (Chrono Boost)  
  78  11:57  Shield Battery  
  78  12:05  Probe x2 (Chrono Boost)  
  80  12:11  Stalker x2  
  80  12:12  Stalker  
  85  12:22  Stalker x2  
  89  12:28  Observer (Chrono Boost)  
  89  12:29  Probe  
  91  12:30  Probe  
  91  12:31  Probe  
  92  12:41  Stalker x2  
  92  12:51  Protoss Ground Armor Level 1  
  92  12:54  Probe  
  92  12:55  Probe x2  
  95  12:59  Observer (Chrono Boost)  
  96  13:08  Pylon  
  96  13:11  Stalker x2  
  100  13:20  Assimilator  
  100  13:31  Stalker  
  100  13:32  Stalker x2, Phoenix  
  102  13:36  Probe x3  
  105  13:43  Stalker x2  
  109  13:52  Photon Cannon  
  109  13:54  Probe  
  109  13:55  Probe x2  
  119  14:02  Phoenix  
  112  14:15  Stalker x4  
  120  14:17  Immortal (Chrono Boost)  
  124  14:30  High Templar  
  124  14:31  High Templar x3  
  132  14:32  Pylon  
  132  14:35  Archon x2, Pylon  
  132  14:49  Immortal (Chrono Boost)  
  136  15:01  Robotics Bay  
  136  15:04  Robotics Facility  
  136  15:20  Nexus  
  136  15:24  Pylon  
  136  15:29  Warp Prism  
  137  15:46  Stalker x4  
  137  15:49  High Templar x2  
  149  15:55  Archon  
  149  16:01  Pylon x2  
  149  16:18  Disruptor  
  149  16:25  Nexus  
  152  16:30  Disruptor (Chrono Boost)  
  155  16:34  Pylon  
  155  16:39  Observer  
  155  16:52  Disruptor (Chrono Boost)  
  155  16:54  Pylon  
  155  16:56  Pylon  
  155  16:58  Shield Battery  
  158  17:03  Disruptor (Chrono Boost)  
  161  17:20  Disruptor  
  164  17:22  Stalker x2  
  164  17:23  Stalker x3  
  174  17:31  Zealot x2  
  174  17:32  Zealot  
  175  17:48  Disruptor  
  176  17:55  Disruptor, Probe x3  
  164  18:23  Stalker x2  
  164  18:24  Stalker x3  
  156  18:35  Observer x2  
  117  18:52  Pylon  
  117  18:53  Stalker x6  
  125  19:22  Zealot x7  
  128  19:30  Zealot  
Tags
 
Add a new tag
Caveats
  • Supply blocks, unpowered buildings, or Contaminate may cause inaccurate times.
  • Supply counts are checked every 10 seconds.